 Dungeon Crawl Stone Soup version 0.25-a0-1007-g10a8c3caa8 (webtiles) character file.

Game seed: 9823558439074793587, levelgen mode: classic

839 Amnesiac the Frost Mage (level 7, 0/36 HPs)
             Began as a Deep Elf Ice Elementalist on May 11, 2020.
             Was a Follower of Vehumet.
             Slain by a gnoll
             ... wielding a +0 halberd
              (19 damage)
             ... on level 5 of the Dungeon.
             The game lasted 00:10:24 (6036 turns).

Amnesiac the Frost Mage (Deep Elf Ice Elementalist) Turns: 6036, Time: 00:10:24

Health: 0/36       AC:  2    Str:  8    XL:     7   Next: 67%
Magic:  15/19      EV: 14    Int: 22    God:    Vehumet [*.....]
Gold:   233        SH:  0    Dex: 15    Spells: 4/19 levels left

rFire    . . .     SeeInvis .   a - +0 hunting sling
rCold    . . .     Gourm    .   (no shield)
rNeg     . . .     Faith    .   k - +0 robe
rPois    .         Spirit   .   (no helmet)
rElec    .         Reflect  .   (no cloak)
rCorr    .         Harm     .   (no gloves)
MR       .....                  (no boots)
Stlth    ++........             (no amulet)
HPRegen  0.12/turn              t - +3 ring of strength
MPRegen  0.16/turn              (no ring)

@: frozen ramparts
A: no striking features
a: Renounce Religion


You were on level 5 of the Dungeon.
You worshipped Vehumet.
Vehumet was aware of your devotion.
You were not hungry.

You visited 2 branches of the dungeon, and saw 6 of its levels.
You also visited: Sewer.

You collected 233 gold pieces.

Inventory:

Hand Weapons
 a - a +0 hunting sling (weapon)
 b - a +0 trident
Missiles
 g - 88 sling bullets
 u - 21 poisoned darts
 C - 43 stones (quivered)
Armour
 k - a +0 robe (worn)
 w - a +0 troll leather armour {Purgy}
Jewellery
 t - a +3 ring of strength (left hand)
Wands
 y - a wand of clouds (4)
Scrolls
 d - 4 scrolls of enchant weapon {!r, unknown}
 e - 3 scrolls of remove curse {!r}
 h - 2 scrolls of amnesia {!r, unknown}
 i - 3 scrolls of identify {!r, unknown}
 n - 3 scrolls of teleportation {!r, unknown}
 o - a scroll of fog {!r, unknown}
 q - 2 scrolls of magic mapping {!r, unknown}
 r - a scroll of enchant armour {!r, unknown}
Potions
 f - 3 potions of mutation {!q, unknown}
 j - a potion of stabbing {!q, unknown}
 l - a potion of lignification {!q, unknown}
 p - 6 potions of flight {!q}
 s - 2 potions of magic {!q, unknown}
 v - 2 potions of curing {!q}
 x - 2 potions of might {!q, unknown}
 z - a potion of brilliance {!q, unknown}
 A - 3 potions of heal wounds {!q}
 D - 2 potions of degeneration {!q, unknown}
Comestibles
 c - 12 rations
 B - 10 chunks of flesh


   Skills:
 - Level 3.4 Dodging
 - Level 3.0 Stealth
 + Level 6.8 Spellcasting
 * Level 8.7 Ice Magic


You had 4 spell levels left.
You knew the following spells:

 Your Spells              Type           Power        Failure   Level  Hunger
a - Freeze                Ice            ####         1%          1    None
b - Frozen Ramparts       Ice            #####.       1%          3    None
c - Summon Ice Beast      Ice/Summ       ####....     14%         4    ###....
d - Hailstorm             Conj/Ice       ####....     14%         4    ###....
z - Ozocubu's Armour      Chrm/Ice       ####....     4%          3    None

Your spell library contained the following spells:

 Spells                   Type           Power        Failure   Level  Hunger
 Shock                    Conj/Air       #...         9%          1    None
 Beastly Appendage        Tmut           #.....       9%          1    None
 Sticks to Snakes         Tmut           #.......     13%         2    None
 Ice Form                 Ice/Tmut       ####....     14%         4    ###....
 Spider Form              Tmut/Pois      #.........   26%         3    None
 Blade Hands              Tmut           #.........   93%         5    #####..


Dungeon Overview and Level Annotations

Branches:
Dungeon (5/15)             Temple (1/1) D:4           Sewer (visited)

Altars:
Ashenzari
Dithmenos
Gozag
Hepliaklqana
Kikubaaqudgha
Nemelex Xobeh
Okawaru
Qazlal
Trog
Uskayaw
Vehumet
Yredelemnul
Zin

Annotations:
D:1 exclusion: black mamba


Message History

Firing (i - inventory. (/) - cycle)
C - 47 stones (quivered)
Press: ? - help, Shift-Dir - straight line, f - gnoll
Aim: a gnoll, wielding a +0 halberd and quivering 2 throwing nets You shoot a stone.
The stone closely misses the gnoll.
The wall freezes the gnoll.
The gnoll throws a throwing net.
The throwing net misses you.
Firing (i - inventory. (/) - cycle)
C - 46 stones (quivered)
Press: ? - help, Shift-Dir - straight line, f/p - gnoll
Aim: a gnoll, wielding a +0 halberd and quivering a throwing net (lightly wounded)
You shoot a stone. The stone barely misses the gnoll.
The wall freezes the gnoll. x2; The gnoll misses you.
Firing (i - inventory. (/) - cycle)
C - 45 stones (quivered)
Press: ? - help, Shift-Dir - straight line, f/p - gnoll
Aim: a gnoll, wielding a +0 halberd and quivering a throwing net (heavily wounded)
You shoot a stone.
The stone hits the gnoll but does no damage.
The gnoll is heavily wounded.
The wall freezes the gnoll.
You kill the gnoll!
Vehumet accepts your kill.
C - 45 stones (gained 1)
Things that are here:
a +0 flail; a gnoll corpse
C - 46 stones (gained 1)
Things that are here:
a +0 halberd; a throwing net A gnoll comes into view.
It is wielding a +0 spear.
The frozen ramparts melt away.
The gnoll hits you but does no damage.
You see here 2 stones.
Casting: Frozen Ramparts (safe; 1% risk of failure)
Confirm with . or Enter, or press ? or * to list all spells.
The walls around you are covered in ice.
The wall freezes the gnoll.
The gnoll hits you from afar with a +0 spear!
* * * LOW HITPOINT WARNING * * *
Firing (i - inventory. (/) - cycle)
C - 46 stones (quivered)
Press: ? - help, Shift-Dir - straight line, f - gnoll
Aim: a gnoll, wielding a +0 spear (lightly wounded)
You shoot a stone. The stone barely misses the gnoll.
The wall freezes the gnoll.
The gnoll barely misses you.
Firing (i - inventory. (/) - cycle)
C - 45 stones (quivered)
Press: ? - help, Shift-Dir - straight line, f/p - gnoll
Aim: a gnoll, wielding a +0 spear (heavily wounded)
You shoot a stone. The stone hits the gnoll.
The gnoll is severely wounded.
The wall freezes the gnoll!
You kill the gnoll!
Vehumet accepts your kill.
No target in view!
The frozen ramparts melt away.
A gnoll comes into view. It is wielding a +0 halberd.
A gnoll is nearby!
Firing (i - inventory. (/) - cycle)
C - 44 stones (quivered)
Press: ? - help, Shift-Dir - straight line, f - gnoll
Aim: a gnoll, wielding a +0 halberd You shoot a stone.
The stone hits the gnoll.
The gnoll is moderately wounded.
Casting: Frozen Ramparts (safe; 1% risk of failure)
Confirm with . or Enter, or press ? or * to list all spells.
The walls around you are covered in ice.
The wall freezes the gnoll.
The gnoll hits you from afar with a +0 halberd!!
Ouch! That really hurt!
You die...

#......#.......####
#......#######.#
#......# #.#
#......# #.#
#......#######.##
#..........#
#(##########
#..)).# #####@#
#...# #g### #( #


You could see a gnoll.

Vanquished Creatures
  Purgy (Sewer)
  A water moccasin skeleton (D:4)
  3 orc priests (D:4)
  A centaur skeleton (D:4)
  6 orc wizards
  Jessica (D:3)
  2 iguanas (D:4)
  A worker ant (D:4)
  A hound skeleton (D:4)
  3 gnolls (D:5)
  8 adders
  An ooze (D:3)
  5 worms
  6 dart slugs
  2 leopard geckos
  25 orcs
  7 giant cockroaches
  11 goblins
  9 hobgoblins
  11 jackals
  6 quokkas
  5 ball pythons
  9 bats
  8 frilled lizards
  9 kobolds
  6 rats
148 creatures vanquished.

Vanquished Creatures (collateral kills)
  Terence (D:1)
1 creature vanquished.

Grand Total: 149 creatures vanquished

Notes
Turn   | Place    | Note
-------+----------+-------------------------------------------
     0 | D:1      | Amnesiac the Deep Elf Ice Elementalist began the quest for
                  | the Orb.
     0 | D:1      | Reached XP level 1. HP: 10/10 MP: 6/6
     6 | D:1      | Noticed a lindwurm
     6 | D:1      | Noticed a black bear
     6 | D:1      | Noticed a rime drake
     6 | D:1      | Noticed a black mamba
   163 | D:1      | Reached XP level 2. HP: 15/15 MP: 5/8
   523 | D:1      | Reached skill level 5 in Ice Magic
   527 | D:1      | Reached XP level 3. HP: 18/19 MP: 1/10
   532 | D:1      | Learned a level 3 spell: Frozen Ramparts
   536 | D:1      | Learned a level 3 spell: Ozocubu's Armour
  1549 | D:2      | Reached XP level 4. HP: 24/24 MP: 12/12
  1555 | D:2      | Learned a level 4 spell: Summon Ice Beast
  1852 | D:2      | Found a shattered altar of Ashenzari.
  2132 | D:2      | Noticed Terence
  2214 | D:1      | Killed Terence
  2519 | D:3      | Noticed Jessica
  2557 | D:3      | Found a glowing drain.
  2565 | D:3      | Killed Jessica
  2565 | D:3      | Reached skill level 6 in Ice Magic
  2565 | D:3      | Reached XP level 5. HP: 17/28 MP: 8/13
  2656 | Sewer    | Entered a sewer
  2725 | Sewer    | Noticed Purgy
  2733 | Sewer    | Killed Purgy
  2733 | Sewer    | Reached skill level 5 in Spellcasting
  3017 | D:3      | Reached XP level 6. HP: 29/32 MP: 15/15
  3278 | D:3      | Found an ancient bone altar of Kikubaaqudgha.
  3660 | D:3      | Reached skill level 7 in Ice Magic
  3706 | D:4      | Found a staircase to the Ecumenical Temple.
  3712 | Temple   | Entered the Ecumenical Temple
  3756 | Temple   | Became a worshipper of Vehumet
  4236 | D:4      | Reached XP level 7. HP: 36/36 MP: 13/17
  4563 | D:4      | Reached * piety under Vehumet
  4563 | D:4      | Offered knowledge of Shock by Vehumet.
  4587 | D:4      | Learned a level 4 spell: Hailstorm
  4611 | D:4      | Reached skill level 8 in Ice Magic
  4999 | D:4      | Found a shadowy altar of Dithmenos.
  5771 | D:5      | Entered Level 5 of the Dungeon
  6036 | D:5      | Slain by a gnoll

Illustrated notes

Levels and vault maps discovered:
D:1:      onia_arrival_zoo_common, layout_basic
D:2:      layout_rooms, nicolae_ashenzari_panopticon, nrook_mini_vaults,
          minmay_close_crescents, uniq_terence
D:3:      layout_rooms, lemuel_coloured_pillars_altar, portal_sewer_entry_a,
          grunt_ministairs_2, uniq_jessica
D:4:      layout_basic, nicolae_overflow_crystal_walls,
          minmay_temple_entry_gardened_gates, first_ration,
          hangedman_decor_opposing, minivault_14, minmay_misc_feat_four_crosses,
          kennysheep_cross_bottleneck
D:5:      layout_basic, lemuel_crystal_altar
Temple:   zaba_magenta_temple

Skill      XL: |  1  2  3  4  5  6  7 |
---------------+----------------------+-----
Stealth        | 3 |  3.0
Ice Magic      | 5 6 7 8 |  8.7
Spellcasting   | 4 5 6 |  6.8
Dodging        | 3 |  3.4

Action                   |  1- 3 |  4- 6 |  7- 9 || total
-------------------------+-------+-------+-------++-------
Melee: Unarmed           |     5 |       |       ||     5
       Spear             |    33 |    41 |       ||    74
       Trident           |       |    12 |       ||    12
 Fire: Hunting sling     |       |    54 |    95 ||   149
Throw: Stone             |     1 |       |       ||     1
 Cast: Freeze            |    58 |    47 |    10 ||   115
       Frozen Ramparts   |     3 |    14 |    10 ||    27
       Summon Ice Beast  |       |     1 |     1 ||     2
       Ozocubu's Armour  |       |     1 |     2 ||     3
  Use: Scroll            |       |     1 |       ||     1
       Potion            |       |     1 |       ||     1
 Stab: Sleeping          |     1 |     3 |       ||     4
  Eat: Chunk             |     2 |     8 |     7 ||    17
Armor: Robe              |    14 |    18 |     8 ||    40
Dodge: Dodged            |    45 |    74 |    39 ||   158

Table legend:
 A = Non-vault XP
 B = Vault XP
 C = Vault XP percentage of total XP
 D = Non-vault monster count
 E = Vault monster count
 F = Vault count percentage of total count
                 A         B        C        D         E       F
            +---------+---------+-------+---------+---------+-------
      Total |     984 |     215 |  17.9 |     130 |      19 |  12.8
            +---------+---------+-------+---------+---------+-------
        D:1 |      55 |      18 |  24.7 |      28 |       1 |   3.4
        D:2 |      55 |      15 |  21.4 |      18 |       7 |  28.0
        D:3 |     148 |      46 |  23.7 |      38 |       4 |   9.5
        D:4 |     613 |       0 |   0.0 |      32 |       0 |   0.0
        D:5 |     113 |       0 |   0.0 |      14 |       0 |   0.0
      Sewer |       0 |     136 | 100.0 |       0 |       7 | 100.0
            +---------+---------+-------+---------+---------+-------
